 Dungeon Crawl Stone Soup version 0.26-a0-708-g17f3b190f9 (webtiles) character file.

Game seed: 5575933409718915153

4829 lunkers the Protected (level 10, -9/96 HPs)
             Began as a Deep Dwarf Fighter on Oct 28, 2020.
             Was a Believer of Makhleb.
             Mangled by an orc warlord
             ... wielding a +0 great mace
              (21 damage)
             ... in a bailey.
             The game lasted 00:18:50 (6217 turns).

lunkers the Protected (Deep Dwarf Fighter)          Turns: 6217, Time: 00:18:51

Health: -9/96      AC: 13    Str: 26    XL:     10   Next: 25%
Magic:  11/11      EV: 10    Int:  9    God:    Makhleb [**....]
Gold:   477        SH:  5    Dex: 15    Spells: 9/9 levels left

rFire    + . .     SeeInvis .   b - +6 morningstar of Tazif {venom, Str+6}
rCold    . . .     Faith    .   j - +0 buckler
rNeg     . . .     Spirit   .   J - +0 scale mail
rPois    .         Reflect  .   (no helmet)
rElec    .         Harm     .   w - +0 cloak
rCorr    .         Rampage  .   y - +1 pair of gloves
MR       +....                  H - +0 pair of boots
Stlth    +.........             (no amulet)
HPRegen  0.00/turn              C - ring of stealth
MPRegen  0.12/turn              G - ring of protection from fire

@: non-regenerating
A: damage resistance, heal wounds, sense surroundings 2, no regeneration
a: Heal Wounds, Minor Destruction, Renounce Religion


You were in a bailey.
You worshipped Makhleb.
Makhleb was pleased with you.
You visited 2 branches of the dungeon, and saw 10 of its levels.
You also visited: Bailey.

You collected 477 gold pieces.

Inventory:

Hand Weapons
 a - a +1 war axe
 b - the +6 morningstar of Tazif (weapon) {venom, Str+6}
   (You found it on level 6 of the Dungeon)

   It poisons the flesh of those it strikes.
   It affects your strength (+6).
 M - the +5 hand axe of Blood-Lust {holy, Int+2 SInv}
   (You found it on level 6 of the Dungeon)

   It has been blessed by the Shining One to cause great damage to the undead
   and demons.
   It affects your intelligence (+2).
   It lets you see invisible.
Missiles
 P - 4 curare-tipped darts {=f}
Armour
 c - a +0 kite shield
 j - a +0 buckler (worn)
 w - a +0 cloak (worn)
 y - a +1 pair of gloves (worn)
 H - a +0 pair of boots (worn)
 I - a +2 leather armour of cold resistance
 J - a +0 scale mail (worn)
 R - a scarf of invisibility
Jewellery
 C - a ring of stealth (left hand)
 G - a ring of protection from fire (right hand)
Wands
 n - a wand of polymorph (11)
 s - a wand of paralysis (6)
 A - a wand of acid (18)
 E - a wand of iceblast (12)
 L - a wand of disintegration (10)
Scrolls
 g - 3 scrolls of enchant weapon
 h - 6 scrolls of remove curse
 l - 4 scrolls of identify
 o - 2 scrolls of fear
 p - 4 scrolls of blinking
 q - 5 scrolls of teleportation
 r - 5 scrolls of magic mapping
 t - a scroll of enchant armour {unknown}
 v - a scroll of amnesia {unknown}
 K - a scroll of noise {unknown}
 N - a scroll of fog {unknown}
 O - a scroll of torment {unknown}
Potions
 d - 5 potions of might
 e - 2 potions of invisibility
 f - 3 potions of haste
 i - a potion of stabbing {unknown}
 k - 2 potions of lignification
 u - a potion of resistance
 x - a potion of magic {unknown}
 z - a potion of cancellation {unknown}
 B - a potion of ambrosia {unknown}
 D - 6 potions of heal wounds
 F - a potion of berserk rage {unknown}
 Q - 3 potions of curing


   Skills:
 + Level 8.0 Fighting
 - Level 8.0(8.5) Axes
 - Level 3.6(6.0) Maces & Flails
 + Level 9.6 Armour
 - Level 3.2 Shields
 + Level 6.0 Invocations
 - Level 3.0 Evocations


You had 9 spell levels left.
You didn't know any spells.
Your spell library contained the following spells:

 Spells                   Type           Power        Failure   Level
 Shock                    Conj/Air       #...         65%         1
 Swiftness                Air            #.......     80%         2
 Static Discharge         Conj/Air       #.......     95%         3
 Airstrike                Air            #.........   100%        4
 Lightning Bolt           Conj/Air       #.........   100%        5


Dungeon Overview and Level Annotations

Branches:
Dungeon (9/15)             Temple (1/1) D:7            Lair (0/6) D:9
 Bailey (1/1)
    Orc: D:9-12

Altars:
Ashenzari
Cheibriados
Dithmenos
Elyvilon
Fedhas
Gozag
Hepliaklqana
Kikubaaqudgha
Makhleb
Nemelex Xobeh
Okawaru
Qazlal
Ru
Sif Muna
Trog
Uskayaw
Vehumet
Wu Jian
Xom
Yredelemnul
Zin
The Shining One
Lugonu

Shops:
D:8 *

Annotations:
D:4 2 transporters, somkeydreadnuts's ghost, amateur GrEE


Innate Abilities, Weirdness & Mutations

You are resistant to damage.
You can heal yourself by infusing magical energy.
You passively map the area around you.
You do not regenerate.


Message History

* * * LOW HITPOINT WARNING * * *
You feel much better. The orc barely misses you.
A hobgoblin comes into view. It is wielding a +0 hand axe.
The orc warlord hits you with a +0 great mace!!
* * * LOW HITPOINT WARNING * * *
Unknown command.
Unknown command.
You fail to use your ability.
The orc misses you.
The orc warlord hits you with a +0 great mace!!
* * * LOW HITPOINT WARNING * * *
Unknown command.
You hit the orc warlord but do no damage.
The orc warlord looks as sick as possible!
The orc warlord is almost dead.
The orc misses you.
You bludgeon the orc warlord!!
The orc warlord looks as sick as possible!
The orc warlord is almost dead.
The orc warlord hits you with a +0 great mace!!
You die...

♣♣....♣.♣###.....##
♣♣.......##.........
♣........#..........
♣♣.......'..........
♣...∩!∩..'...).⌠....
♣♣.......'..))......
♣......g.#.)))......
♣♣♣.o.)..##.........
♣@o..♣.♣###.....##
♣♣♣♣♣♣♣♣ ###.#'#.
###o.o #)))o #....
#.... #.... #....
##...


You could see an orc warlord (extremely poisoned), an orc (strong) and a
hobgoblin.

Vanquished Creatures
  An orc knight (Bailey)
  Maurice (D:8)
  Eustachio (D:4)
  Edmund (D:5)
  A black bear (D:8)
  7 orc warriors
  2 ice beasts (D:5)
  5 ogres
  2 sky beasts (D:7)
  A necrophage (D:7)
  3 phantoms
  2 centaurs
  5 bullfrogs
  A water moccasin skeleton (D:8)
  2 scorpions
  7 wights
  5 orc priests
  6 hounds
  2 orc wizards
  An iguana (D:8)
  Natasha (thrice) (D:4)
  7 worker ants
  A hound skeleton (D:7)
  6 gnolls (Bailey)
  11 adders
  A howler monkey skeleton (D:5)
  3 shadow imps
  A white imp (D:7)
  2 ufetubi
  An ooze (D:4)
  A worm (D:2)
  A dart slug (D:1)
  3 leopard geckos
  21 orcs
  3 bat zombies (D:5)
  6 giant cockroaches
  24 goblins
  22 hobgoblins
  2 jackals (D:9)
  A quokka (D:8)
  A ball python (D:1)
  9 bats
  7 frilled lizards
  A jackal skeleton (D:5)
  4 kobolds
  A rat (D:3)
  A rat zombie (D:5)
200 creatures vanquished.

Notes
Turn   | Place    | Note
-------+----------+-------------------------------------------
     0 | D:1      | lunkers the Deep Dwarf Fighter began the quest for the Orb.
     0 | D:1      | Reached XP level 1. HP: 20/20 MP: 1/1
    48 | D:1      | Reached XP level 2. HP: 27/27 MP: 2/2
   657 | D:2      | Reached XP level 3. HP: 26/34 MP: 3/3
   946 | D:2      | Reached XP level 4. HP: 21/42 MP: 4/4
  1389 | D:3      | Reached skill level 4 in Armour
  1439 | D:3      | Found a white marble altar of Elyvilon.
  1648 | D:3      | Reached XP level 5. HP: 24/49 MP: 5/5
  1729 | D:3      | Found a sparkling altar of Nemelex Xobeh.
  2148 | D:4      | Noticed Natasha
  2161 | D:4      | Killed Natasha
  2166 | D:4      | Noticed Eustachio
  2180 | D:4      | Reached skill level 5 in Axes
  2205 | D:4      | Killed Eustachio
  2205 | D:4      | Reached XP level 6. HP: 14/57 MP: 6/6
  2208 | D:4      | Noticed Natasha
  2214 | D:4      | Killed Natasha
  2225 | D:4      | Noticed Natasha
  2231 | D:4      | Reached skill level 5 in Armour
  2238 | D:4      | Killed Natasha
  2238 | D:4      | Reached XP level 7. HP: 33/64 MP: 6/6
  2302 | D:4      | Found a transporter.
  2340 | D:4      | Found a transporter.
  2349 | D:4      | Noticed somkeydreadnuts's ghost (amateur GrEE)
  2670 | D:5      | Entered Level 5 of the Dungeon
  2942 | D:5      | Reached skill level 1 in Evocations
  2968 | D:5      | Found a shadowy altar of Dithmenos.
  2973 | D:5      | Reached skill level 5 in Fighting
  2973 | D:5      | Reached skill level 6 in Armour
  2973 | D:5      | Reached XP level 8. HP: 32/74 MP: 7/7
  3100 | D:5      | Found an ancient bone altar of Kikubaaqudgha.
  3232 | D:5      | Noticed Edmund
  3245 | D:5      | Killed Edmund
  3457 | D:6      | Got a transparent morningstar
  3459 | D:6      | Identified the +6 morningstar of Tazif {venom, Str+6} (You
                  | found it on level 6 of the Dungeon)
  3492 | D:6      | Found a shimmering blue altar of Sif Muna.
  3568 | D:6      | Found an ornate altar of the Wu Jian Council.
  3738 | D:6      | Found a sacrificial altar of Ru.
  3982 | D:6      | Found an opulent altar of Gozag.
  4056 | D:6      | Got a blackened hand axe
  4057 | D:6      | Identified the +5 hand axe of Blood-Lust {holy, Int+2 SInv}
                  | (You found it on level 6 of the Dungeon)
  4265 | D:6      | Found a blossoming altar of Fedhas.
  4376 | D:7      | Reached skill level 7 in Armour
  4403 | D:7      | Noticed a boulder beetle
  4472 | D:7      | Found a staircase to the Ecumenical Temple.
  4496 | Temple   | Entered the Ecumenical Temple
  4536 | Temple   | Became a worshipper of Makhleb the Destroyer
  4575 | D:7      | Gained mutation: You passively map the area around you.
                  | [Deep Dwarf growth]
  4575 | D:7      | Reached XP level 9. HP: 40/85 MP: 7/7
  4692 | D:6      | Noticed a rust devil
  4692 | D:6      | Noticed a rust devil
  4745 | D:7      | Reached skill level 8 in Armour
  4874 | D:7      | Found a basalt altar of Yredelemnul.
  4977 | D:7      | Reached skill level 1 in Maces & Flails
  4977 | D:7      | Reached skill level 1 in Invocations
  5152 | D:8      | Noticed Maurice
  5168 | D:8      | Killed Maurice
  5348 | D:8      | Found Zin's Purification Station.
  5352 | D:8      | Found a glowing silver altar of Zin.
  5505 | D:8      | Reached * piety under Makhleb
  5510 | D:8      | Reached skill level 9 in Armour
  5554 | D:8      | Found a glowing golden altar of the Shining One.
  5556 | D:8      | Found a stormy altar of Qazlal.
  5938 | D:9      | Found a flagged portal.
  5950 | Bailey   | Entered a bailey
  6034 | Bailey   | Reached ** piety under Makhleb
  6080 | Bailey   | Reached XP level 10. HP: 68/96 MP: 11/11
  6090 | Bailey   | Reached skill level 5 in Invocations
  6137 | Bailey   | Noticed an orc warlord
  6141 | Bailey   | Noticed an orc knight
  6169 | Bailey   | HP: 4/96 [orc warlord/+0 great mace (37)]
  6182 | Bailey   | Killed an orc knight
  6217 | Bailey   | Mangled by an orc warlord

Illustrated notes

Levels and vault maps discovered:
D:1:      minmay_arrival_checkered_box, layout_rooms
D:2:      kennysheep_six_static_rooms, layout_basic
D:3:      layout_loops_corners, lemuel_round_altar, elyvilon_altar_5
D:4:      layout_cave_pools, gammafunk_ghost_mausoleum, uniq_eustachio,
          uniq_natasha
D:5:      layout_loops_ring, overflow_temple_1_default,
          lemuel_zombie_altar_kikubaaqudgha, uniq_edmund
D:6:      cheibrodos_iron_armory, layout_layer_cave, marbit_many_paths,
          nicolae_gozag_cash_rules_everything_around_me,
          lemuel_coloured_pillars_altar, led_sif_pool, hangedman_ru_absence
D:7:      layout_basic, kennysheep_mini_moat, minmay_temple_entry_large_hall,
          kennysheep_cross_bottleneck, lightli_corner_chamber
D:8:      layout_loops_cross, zin_purify, grunt_temple_overflow_open,
          uniq_maurice
D:9:      layout_loops_cross, dpeg_lair_monsters, enter_bailey_3,
          grunt_decor_resistance, minmay_shop_grid_forest
Temple:   corrupted_temple
Bailey:   bailey_axe_minmay_hex_keep, bailey

Skill      XL: |  1  2  3  4  5  6  7  8  9 10 |
---------------+-------------------------------+-----
Axes           | 3 4 5 6 7 8 |  8.0
Fighting       | 3 4 5 6 7 8 |  8.0
Armour         | 4 5 6 7 9 |  9.6
Evocations     | 1 3 |  3.0
Maces & Flails | 3 |  3.6
Invocations    | 4 6 |  6.0
Shields        | |  3.2

Action                   |  1- 3 |  4- 6 |  7- 9 | 10-12 || total
-------------------------+-------+-------+-------+-------++-------
Melee: War axe           |   134 |   144 |   147 |       ||   425
       Morningstar       |       |       |   223 |    43 ||   266
 Abil: Heal Wounds       |       |     4 |    14 |     6 ||    24
Evoke: Wand              |       |       |     6 |     6 ||    12
  Use: Scroll            |       |       |    12 |       ||    12
       Potion            |       |       |     2 |       ||     2
Armor: Scale mail        |    63 |    89 |   219 |     7 ||   378
Dodge: Dodged            |    64 |    76 |   169 |    15 ||   324
Block: Kite shield       |    45 |       |       |       ||    45
       Buckler           |    16 |    42 |    87 |     6 ||   151

Table legend: (Time is in decaauts)
 A = Elapsed time spent in this place.
 B = Non-inter-level travel time spent in this place.
 C = Inter-level travel time spent in this place.
 D = Time resting spent in this place.
 E = Time spent auto-exploring this place.
 F = Levels seen in this place.
 G = Mean time per level.
                   A        B        C        D        E       F      G
               +--------+--------+--------+--------+--------+-----+--------+
         Total |   6403 |   6191 |    212 |      0 |   4252 |  11 |  582.1 |
       Dungeon |   6057 |   5845 |    212 |      0 |   4215 |   9 |  673.0 |
        Temple |     57 |     57 |      0 |      0 |     27 |   1 |   57.0 |
        Bailey |    288 |    288 |      0 |      0 |     10 |   1 |  288.0 |
               +--------+--------+--------+--------+--------+-----+--------+

Top non-repeatable levels by time:
     D:6: 890 daAuts
     D:3: 867 daAuts
     D:5: 801 daAuts
     D:7: 723 daAuts
     D:2: 717 daAuts
     D:8: 699 daAuts
     D:1: 631 daAuts
     D:4: 554 daAuts
  Bailey: 288 daAuts
     D:9: 171 daAuts
  Temple: 57 daAuts
